 Dungeon Crawl Stone Soup version 0.27-a0-1113-gb2b6fe9c5e (webtiles) character file.

Game seed: 18326601811343711635

420 Froggeryz the Stinger (level 6, -3/32 HPs)
             Began as a Tengu Venom Mage on May 1, 2021.
             Was an Initiate of Vehumet.
             Slain by Prince Ribbit (18 damage)
             ... on level 6 of the Dungeon.
             The game lasted 00:08:38 (5446 turns).

Froggeryz the Stinger (Tengu Venom Mage)            Turns: 5446, Time: 00:08:39

Health: -3/32      AC:  2    Str:  8    XL:     6   Next: 94%
Magic:  13/22      EV: 29    Int: 18    God:    Vehumet [......]
Gold:   107        SH:  0    Dex: 14    Spells: 10/13 levels left

rFire    . . .     SeeInvis .   i - +0 whip (elec)
rCold    . . .     Faith    .   (no shield)
rNeg     . . .     Spirit   .   a - +0 robe
rPois    .         Reflect  .   (helmet restricted)
rElec    .         Harm     .   (no cloak)
rCorr    .         Rampage  .   (no gloves)
Will     .....                  (boots unavailable)
Stlth    ++........             f - amulet of the acrobat
HPRegen  0.10/turn              n - ring of magical power
MPRegen  0.18/turn              (no ring)

@: acrobatic, flying quickly and evasively, very slightly contaminated, quick
A: beak, talons 3, nimble flight
a: Renounce Religion


You were on level 6 of the Dungeon.
You worshipped Vehumet.
Vehumet was noncommittal.
You visited 2 branches of the dungeon, and saw 7 of its levels.

You collected 107 gold pieces.

Inventory:

Hand Weapons
 i - a +0 whip of electrocution (weapon)
 t - a +3 flail of protection
Armour
 a - a +0 robe (worn)
Jewellery
 d - a ring of fire
 f - an amulet of the acrobat (around neck)
 n - a ring of magical power (left hand)
Wands
 r - a wand of digging (7)
 u - a wand of paralysis (10)
Scrolls
 c - 4 scrolls of blinking {unknown}
 e - 5 scrolls of identify {unknown}
 g - a scroll of fear {unknown}
 h - a scroll of vulnerability {unknown}
 l - a scroll of noise {unknown}
 o - a scroll of amnesia {unknown}
 q - a scroll of silence {unknown}
 s - a scroll of magic mapping {unknown}
Potions
 b - a potion of magic {unknown}
 j - 2 potions of lignification
 k - a potion of haste
 m - a potion of cancellation {unknown}
 p - a potion of mutation {unknown}


   Skills:
 - Level 2.1 Dodging
 - Level 2.0 Stealth
 + Level 4.0 Spellcasting
 - Level 0.7 Transmutations
 * Level 6.4 Poison Magic


You had 10 spell levels left.
You knew the following spells:

 Your Spells              Type           Power      Damage    Failure   Level
a - Sting                 Tmut/Pois      64%        1d6       3%          1
b - Poisonous Vapours     Pois/Air       30%        N/A       6%          2

Your spell library contained the following spells:

 Spells                   Type           Power      Damage    Failure   Level
 Olgreb's Toxic Radiance  Pois           26%        N/A       11%         4
 Ignite Poison            Fire/Tmut/Pois 12%        N/A       17%         3
 Mephitic Cloud           Conj/Pois/Air  11%        N/A       19%         3


Dungeon Overview and Level Annotations

Branches:
Dungeon (7/15)             Temple (1/1) D:4

Altars:
Ashenzari
Gozag
Kikubaaqudgha
Okawaru
Qazlal
Ru
Sif Muna
Vehumet
Wu Jian
Xom
Zin

Annotations:
D:6 1 transporter, Prince Ribbit; Sickboy's ghost, amateur DjIE


Innate Abilities, Weirdness & Mutations

You have a beak for a mouth.
You have claws for feet.
Your magical nature lets you fly swiftly and evasively.


Message History

Aim: Prince Ribbit Poisonous vapours surround Prince Ribbit!
Prince Ribbit is engulfed in poison gas.
Prince Ribbit is poisoned.
Prince Ribbit blinks!
Casting: Poisonous Vapours (safe; 6% risk of failure)
Confirm with . or Enter, or press ? or * to list all spells.
Aiming: Poisonous Vapours (safe; 6% risk of failure)
Press: ? - help, Dir - move target, f/p - Prince Ribbit
Aim: Prince Ribbit (lightly wounded, poisoned)
You miscast Poisonous Vapours.
You are very lightly contaminated with residual magic.
Nothing appears to happen.
Prince Ribbit barely misses you.
Casting: Poisonous Vapours (safe; 6% risk of failure)
Confirm with . or Enter, or press ? or * to list all spells.
Aiming: Poisonous Vapours (safe; 6% risk of failure)
Press: ? - help, Dir - move target, f/p - Prince Ribbit
Aim: Prince Ribbit (lightly wounded, poisoned) Poisonous vapours surround Prince Ribbit!
Prince Ribbit is engulfed in poison gas.
Prince Ribbit looks even sicker.
Prince Ribbit misses you.
Casting: Poisonous Vapours (safe; 6% risk of failure)
Confirm with . or Enter, or press ? or * to list all spells.
Aiming: Poisonous Vapours (safe; 6% risk of failure)
Press: ? - help, Dir - move target, f/p - Prince Ribbit
Aim: Prince Ribbit (moderately wounded, very poisoned) Poisonous vapours surround Prince Ribbit!
Prince Ribbit looks even sicker.
Prince Ribbit blinks!
Casting: Poisonous Vapours (safe; 6% risk of failure)
Confirm with . or Enter, or press ? or * to list all spells.
Aiming: Poisonous Vapours (safe; 6% risk of failure)
Press: ? - help, Dir - move target, f/p - Prince Ribbit
Aim: Prince Ribbit (moderately wounded, very poisoned) Poisonous vapours surround Prince Ribbit!
Prince Ribbit is engulfed in poison gas.
Prince Ribbit looks as sick as possible!
Prince Ribbit hits you!
Ouch! That really hurt!
Prince Ribbit hits you!!
Ouch! That really hurt!
You die...

##. #.. #.. #.# #.#
#.# #.#
##############
#.#####...#.##.....#
#.F@...............#
#######.....###.##.#
#...#.# #.##..
#####.###.##.#
#.....#### #######


You could see Prince Ribbit (extremely poisoned).

Vanquished Creatures
  Edmund (D:6)
  A hornet zombie (D:3)
  A centaur skeleton (D:7)
  A hound skeleton (D:4)
  3 gnolls (D:4)
  5 adders
  A worm (D:2)
  A dart slug (D:2)
  6 orcs (D:3)
  5 ball pythons
  7 bats
  9 endoplasms
  5 giant cockroaches
  5 goblins
  4 hobgoblins
  13 jackals
  7 kobolds
  4 quokkas
  3 frilled lizards
  5 rats
87 creatures vanquished.

Notes
Turn   | Place    | Note
-------+----------+-------------------------------------------
     0 | D:1      | Froggeryz the Tengu Venom Mage began the quest for the Orb.
     0 | D:1      | Reached XP level 1. HP: 10/10 MP: 4/4
   128 | D:1      | Reached XP level 2. HP: 15/15 MP: 4/6
   855 | D:1      | Reached XP level 3. HP: 13/19 MP: 7/7
  1486 | D:2      | Found a shimmering blue altar of Sif Muna.
  1507 | D:2      | Reached skill level 4 in Poison Magic
  2225 | D:2      | Reached XP level 4. HP: 20/24 MP: 7/9
  3288 | D:3      | Learned a level 2 spell: Poisonous Vapours
  3315 | D:3      | Reached skill level 5 in Poison Magic
  3315 | D:3      | Gained mutation: Your magical nature lets you fly swiftly
                  | and evasively. [Tengu growth]
  3315 | D:3      | Reached XP level 5. HP: 23/28 MP: 11/11
  4078 | D:3      | Reached XP level 6. HP: 18/32 MP: 12/12
  4461 | D:4      | Found a staircase to the Ecumenical Temple.
  4477 | Temple   | Entered the Ecumenical Temple
  4769 | Temple   | Became a worshipper of Vehumet
  5060 | D:4      | You are sucked into a shaft and drop 3 floors!
  5124 | D:7      | Noticed a water moccasin
  5146 | D:6      | Noticed a water moccasin
  5181 | D:6      | Noticed Sickboy's ghost (amateur DjIE)
  5211 | D:6      | Found a transporter.
  5212 | D:6      | Noticed Edmund
  5238 | D:6      | Killed Edmund
  5239 | D:6      | Reached skill level 6 in Poison Magic
  5362 | D:6      | Noticed an ice beast
  5436 | D:6      | Noticed Prince Ribbit
  5446 | D:6      | Slain by Prince Ribbit

Illustrated notes

Levels and vault maps discovered:
D:1:      scummos_arrival_forest, layout_basic
D:2:      layout_basic, basic_altar
D:3:      layout_basic, ebering_dispersal_statue_hall,
          kennysheep_generic_room_15
D:4:      layout_loops_cross, temple_fountains
D:6:      layout_basic, gammafunk_ghost_stat_death, uniq_crazy_yiuf_cottage,
          uniq_prince_ribbit1, uniq_edmund
D:7:      layout_loops_ring, nemelex_spade_bored_becter, serial_shops, shop,
          solitary_fountain
Temple:   minmay_temple_curvy_loop

Skill      XL: |  1  2  3  4  5  6 |
---------------+-------------------+-----
Poison Magic   | 4 5 6 |  6.4
Spellcasting   | 3 4 |  4.0
Dodging        | |  2.1
Stealth        | |  2.0
Transmutations | |  0.7

Action                   |  1- 3 |  4- 6 || total
-------------------------+-------+-------++-------
Melee: Unarmed           |     1 |       ||     1
       Mace              |    19 |       ||    19
       Peck              |     3 |    13 ||    16
       Kick              |     6 |    14 ||    20
       Whip              |    15 |   101 ||   116
 Cast: Sting             |    46 |    29 ||    75
       Poisonous Vapours |       |     9 ||     9
  Use: Potion            |       |     1 ||     1
 Stab: Sleeping          |     3 |     3 ||     6
Armor: Robe              |     9 |    18 ||    27
       Skin              |       |     6 ||     6
Dodge: Dodged            |    70 |    87 ||   157

Table legend: (Time is in decaauts)
 A = Elapsed time spent in this place.
 B = Non-inter-level travel time spent in this place.
 C = Inter-level travel time spent in this place.
 D = Time resting spent in this place.
 E = Time spent auto-exploring this place.
 F = Levels seen in this place.
 G = Mean time per level.
                   A        B        C        D        E       F      G
               +--------+--------+--------+--------+--------+-----+--------+
         Total |   5351 |   5251 |    100 |    561 |   3791 |   7 |  764.4 |
       Dungeon |   5058 |   4978 |     80 |    561 |   3542 |   6 |  843.0 |
        Temple |    292 |    273 |     19 |      0 |    248 |   1 |  292.0 |
               +--------+--------+--------+--------+--------+-----+--------+

Top non-repeatable levels by time:
     D:3: 1677 daAuts
     D:1: 1484 daAuts
     D:2: 1261 daAuts
  Temple: 292 daAuts
     D:6: 289 daAuts
     D:4: 275 daAuts
     D:7: 69 daAuts
